 Dungeon Crawl Stone Soup version 0.31-a0-164-g2312942fda (webtiles) character file.

Game seed: 6033150127766558027

786 AlmostDecent the Digger (level 7, -1/49 (51) HPs)
             Began as a Gnoll Earth Elementalist on June 14, 2023.
             Succumbed to Crazy Yiuf's poison
             ... on level 4 of the Dungeon.
             The game lasted 00:14:29 (3993 turns).

AlmostDecent the Digger (Gnoll Earth Elementalist)  Turns: 3993, Time: 00:14:29

HP:   -1/49 (51)    AC:  3    Str:  8    XL:     7   Next: 87%
MP:   8/15          EV: 13    Int: 16    God:
Gold: 207           SH:  0    Dex: 12    Spells: 10/17 levels left

rFire   . . .        i - +3 short sword (speed)
rCold   . . .        (no shield)
rNeg    . . .        a - +0 robe
rPois   .            p - +0 helmet
rElec   .            (no cloak)
rCorr   .            (no gloves)
SInv    .            (no boots)
Will    .....        (no amulet)
Stlth   +++          (no ring)
HPRegen 0.28/turn    (no ring)
MPRegen 0.14/turn

%: no passive effects
@: lethally poisoned (-1 -> -15), lightly drained
A: fangs 1, strong nose, distributed training
a: no special abilities


You were on level 4 of the Dungeon.
You visited 1 branch of the dungeon, and saw 5 of its levels.

You collected 207 gold pieces.

Inventory:

Hand Weapons
 i - a +3 short sword of speed (weapon)
 k - a +3 heavy great sword
Armour
 a - a +0 robe (worn)
 p - a +0 helmet (worn)
Jewellery
 r - a ring of fire
 u - an amulet of faith
Scrolls
 c - a scroll of identify
 d - a scroll of teleportation {unknown}
 f - a scroll of immolation {unknown}
 j - 2 scrolls of enchant weapon
 l - 2 scrolls of fog {unknown}
 n - a scroll of revelation {unknown}
 q - a scroll of blinking {unknown}
 v - a scroll of vulnerability {unknown}
Potions
 b - a potion of magic
 e - a potion of resistance {unknown}
 h - 3 potions of brilliance
 m - 2 potions of curing {unknown}
 o - 2 potions of might {unknown}
 s - a potion of degeneration {unknown}
 t - a potion of attraction {unknown}
 w - a potion of berserk rage {unknown}


   Skills:
 + Level 2.8 Fighting
 + Level 2.8 Short Blades
 + Level 2.8 Long Blades
 + Level 2.8 Axes
 + Level 2.8 Maces & Flails
 + Level 2.8 Polearms
 + Level 2.8 Staves
 + Level 2.8 Ranged Weapons
 + Level 2.8 Throwing
 + Level 2.8 Armour
 + Level 5.4 Dodging
 + Level 5.1 Stealth
 + Level 2.8 Shields
 + Level 2.8 Unarmed Combat
 + Level 5.8 Spellcasting
 + Level 2.3 Conjurations
 + Level 2.3 Hexes
 + Level 2.3 Summonings
 + Level 2.3 Necromancy
 + Level 2.3 Translocations
 + Level 3.2 Transmutations
 + Level 2.3 Fire Magic
 + Level 2.3 Ice Magic
 + Level 2.3 Air Magic
 + Level 6.0 Earth Magic
 + Level 2.3 Poison Magic
 + Level 3.1 Invocations
 + Level 2.8 Evocations


You had 10 spell levels left.
You knew the following spells:

 Your Spells              Type           Power      Damage    Failure   Level
a - Sandblast             Erth           46%        2d11      1%          1
b - Stone Arrow           Conj/Erth      36%        3d9       8%          3
c - Swiftness             Air            12%        N/A       16%         3

Your spell library contained the following spells:

 Spells                   Type           Power      Damage    Failure   Level
 Passwall                 Tmut/Erth      15%        N/A       3%          2
 Ensorcelled Hibernation  Hex/Ice        24%        N/A       9%          2
 Petrify                  Tmut/Erth      19%        N/A       22%         4
 Animate Armour           Summ/Erth      36%        N/A       26%         4
 Borgnjor's Revivificati  Necr           6%         N/A       100%        8
 Lehudib's Crystal Spear  Conj/Erth      9%         10d4      100%        8
 Necromutation            Tmut/Necr      6%         N/A       100%        8
 Death's Door             Necr           6%         N/A       100%        9


Dungeon Overview and Level Annotations

Branches:
Dungeon (5/15)
 Temple: D:4-7

Altars:
Yredelemnul

Shops:
D:4 (

Annotations:
D:5 Ijyb


Innate Abilities, Weirdness & Mutations

You have very sharp teeth.
Your uncanny sense of smell can sniff out nearby items.
Your experience applies equally to all skills.


Message History

You feel sick.
Crazy Yiuf hits you with a +3 quarterstaff of chaos.
You are more poisoned.
You hit Crazy Yiuf but do no damage.
Crazy Yiuf is almost dead.
You feel sick.
You barely miss Crazy Yiuf.
Crazy Yiuf is almost dead.
You feel sick. Crazy Yiuf hits you but does no damage.
You hit Crazy Yiuf. You bite Crazy Yiuf, but do no damage.
Crazy Yiuf is almost dead.
You closely miss Crazy Yiuf.
Crazy Yiuf is almost dead.
You feel sick. Crazy Yiuf closely misses you.
You closely miss Crazy Yiuf. You bite Crazy Yiuf, but do no damage.
Crazy Yiuf is almost dead.
You feel sick. Crazy Yiuf barely misses you.
You barely miss Crazy Yiuf.
Crazy Yiuf is almost dead.
You feel sick.
Casting: Sandblast (safe; 1% risk of failure)
Confirm with . or Enter, or press ? or * to list all spells.
Aiming: Sandblast (safe; 1% risk of failure)
Press: ? - help, Shift-Dir - straight line, f/p - Crazy Yiuf
Aim: Crazy Yiuf, wielding a +3 quarterstaff of chaos and wearing a +2 cloak (almost dead, 85% to hit)
The blast of sand hits Crazy Yiuf but does no damage.
Crazy Yiuf is almost dead.
You feel sick.
Crazy Yiuf hits you with a +3 quarterstaff of chaos!
* * * LOW HITPOINT WARNING * * *
You are lethally poisoned!
Crazy Yiuf closely misses you.
Casting: Sandblast (safe; 1% risk of failure)
Confirm with . or Enter, or press ? or * to list all spells.
Aiming: Sandblast (safe; 1% risk of failure)
Press: ? - help, Shift-Dir - straight line, f/p - Crazy Yiuf
Aim: Crazy Yiuf, wielding a +3 quarterstaff of chaos and wearing a +2 cloak (almost dead, 85% to hit)
The blast of sand hits Crazy Yiuf.
You kill Crazy Yiuf!
You die...

#..... #....#
#..#.# #####
##..#.# #)..#
##.....# #...#
##....... ...
#...#.... #)#
#....#.... ♣@♣♣
#.........# ♣♣.♣
..........# ♣.♣♣
#........... ♣♣.♣
#..........† ♣♣.♣♣
#..........# ♣♣...♣
#........... ♣....♣
#........... #....#
#...........
#....###...........


There were no monsters in sight!

Vanquished Creatures
  Sigmund (D:2)
  A phantom (D:4)
  A scorpion (D:4)
  A bullfrog zombie (D:4)
  A centaur zombie (D:4)
  A hound (D:4)
  A jelly (D:4)
  Crazy Yiuf (D:4)
  3 orc priests
  A gnoll bouda (D:4)
  An orc wizard (D:2)
  A scorpion zombie (D:4)
  A hound zombie (D:4)
  Robin (D:2)
  4 gnolls
  A howler monkey skeleton (D:4)
  2 adders
  A worm (D:4)
  14 orcs
  7 ball pythons
  6 bats
  6 endoplasms
  5 giant cockroaches
  7 hobgoblins
  4 jackals (D:1)
  5 quokkas
  3 frilled lizards
  9 goblins
  7 kobolds
  10 rats
107 creatures vanquished.

Notes
Turn   | Place    | Note
-------+----------+-------------------------------------------
     0 | D:1      | AlmostDecent the Gnoll Earth Elementalist began the quest
                  | for the Orb.
     0 | D:1      | Reached XP level 1. HP: 13/13 MP: 6/6
   115 | D:1      | Reached XP level 2. HP: 19/19 MP: 4/7
   188 | D:1      | You fall into a shaft and drop 1 floor!
   211 | D:2      | Reached skill level 5 in Spellcasting
   211 | D:2      | Reached skill level 1 in Invocations
   211 | D:2      | Reached XP level 3. HP: 9/25 MP: 3/9
   213 | D:2      | Reached skill level 1 in Fighting
   213 | D:2      | Reached skill level 1 in Short Blades
   213 | D:2      | Reached skill level 1 in Long Blades
   213 | D:2      | Reached skill level 1 in Axes
   213 | D:2      | Reached skill level 1 in Maces & Flails
   213 | D:2      | Reached skill level 1 in Polearms
   213 | D:2      | Reached skill level 1 in Staves
   213 | D:2      | Reached skill level 1 in Ranged Weapons
   213 | D:2      | Reached skill level 1 in Throwing
   213 | D:2      | Reached skill level 1 in Armour
   213 | D:2      | Reached skill level 1 in Shields
   213 | D:2      | Reached skill level 1 in Unarmed Combat
   213 | D:2      | Reached skill level 1 in Evocations
   213 | D:2      | Reached XP level 4. HP: 12/32 MP: 1/11
   347 | D:2      | Reached skill level 1 in Conjurations
   347 | D:2      | Reached skill level 1 in Hexes
   347 | D:2      | Reached skill level 1 in Summonings
   347 | D:2      | Reached skill level 1 in Necromancy
   347 | D:2      | Reached skill level 1 in Translocations
   347 | D:2      | Reached skill level 1 in Fire Magic
   347 | D:2      | Reached skill level 1 in Ice Magic
   347 | D:2      | Reached skill level 1 in Air Magic
   347 | D:2      | Reached skill level 1 in Poison Magic
   628 | D:2      | Noticed Sigmund
   633 | D:2      | Killed Sigmund
   634 | D:2      | Reached XP level 5. HP: 23/38 MP: 7/12
   634 | D:2      | Reached XP level 6. HP: 27/44 MP: 8/14
   865 | D:1      | Reached skill level 5 in Dodging
  1250 | D:1      | Learned a level 3 spell: Stone Arrow
  1649 | D:2      | Noticed Robin
  1659 | D:2      | Killed Robin
  2371 | D:3      | Found a faded altar of an unknown god.
  2447 | D:3      | Found a basalt altar of Yredelemnul.
  2785 | D:3      | Learned a level 3 spell: Swiftness
  3184 | D:4      | Reached XP level 7. HP: 39/51 MP: 5/15
  3188 | D:5      | Entered Level 5 of the Dungeon
  3188 | D:5      | Noticed Ijyb
  3664 | D:4      | Found Pyhuud's Antique Weapon Shop.
  3690 | D:4      | Reached skill level 5 in Stealth
  3916 | D:4      | Reached skill level 6 in Earth Magic
  3970 | D:4      | Found a runed translucent door.
  3971 | D:4      | Noticed Crazy Yiuf
  3979 | D:4      | HP: 2/51 [Crazy Yiuf/+3 quarterstaff of chaos (15)]
  3993 | D:4      | Killed Crazy Yiuf
  3993 | D:4      | Succumbed to Crazy Yiuf's poison

Illustrated notes

Levels and vault maps discovered:
D:1:      tarquinn_simple_flora_water_d, layout_loops_corners, serial_glass,
          glass_columns_a, glass_columns_c, glass_columns_a, glass_columns_c,
          chequers_serial_rivers_marsh, minivault_14
D:2:      layout_basic, uniq_robin, uniq_sigmund
D:3:      layout_basic, mainiacjoe_overflow_catwalk,
          ebering_ecumenical_altar_abandoned, hangedman_decor_diamond_cutter,
          kennysheep_pointless_box, minmay_door_square
D:4:      layout_cave_pools, serial_shops, kennysheep_little_box, serial_undead,
          serial_undead_a, serial_undead_d, serial_undead_b, serial_undead_b,
          serial_undead_f, dreamdust_princess_corridor, uniq_crazy_yiuf_cottage
D:5:      layout_loops_corners, minmay_temple_entry_enclosed_plants,
          uniq_duvessa, uniq_pikel, uniq_ijyb

Skill      XL: |  1  2  3  4  5  6  7 |
---------------+----------------------+-----
Transmutations | 2 3 |  3.2
Spellcasting   | 5 |  5.8
Invocations    | 1 2 3 |  3.1
Fighting       | 1 2 |  2.8
Short Blades   | 1 2 |  2.8
Long Blades    | 1 2 |  2.8
Axes           | 1 2 |  2.8
Maces & Flails | 1 2 |  2.8
Polearms       | 1 2 |  2.8
Staves         | 1 2 |  2.8
Ranged Weapons | 1 2 |  2.8
Throwing       | 1 2 |  2.8
Armour         | 1 2 |  2.8
Shields        | 1 2 |  2.8
Unarmed Combat | 1 2 |  2.8
Evocations     | 1 2 |  2.8
Conjurations   | 1 2 |  2.3
Hexes          | 1 2 |  2.3
Summonings     | 1 2 |  2.3
Necromancy     | 1 2 |  2.3
Translocations | 1 2 |  2.3
Fire Magic     | 1 2 |  2.3
Ice Magic      | 1 2 |  2.3
Air Magic      | 1 2 |  2.3
Poison Magic   | 1 2 |  2.3
Dodging        | 5 |  5.4
Stealth        | 5 |  5.1
Earth Magic    | 6 |  6.0

Action                     |  1- 3 |  4- 6 |  7- 9 || total
---------------------------+-------+-------+-------++-------
  Melee: Short sword       |       |     1 |     8 ||     9
         Bite              |       |       |     2 ||     2
   Cast: Sandblast         |    15 |   109 |    59 ||   183
    Use: Scroll            |       |     3 |       ||     3
         Potion            |       |       |     2 ||     2
 Armour: Robe              |       |     2 |    10 ||    12
  Dodge: Dodged            |       |    31 |    54 ||    85

Table legend: (Time is in decaauts)
 A = Elapsed time spent in this place.
 B = Non-inter-level travel time spent in this place.
 C = Inter-level travel time spent in this place.
 D = Time resting spent in this place.
 E = Time spent auto-exploring this place.
 F = Levels seen in this place.
 G = Mean time per level.
                   A        B        C        D        E       F      G
               +--------+--------+--------+--------+--------+-----+--------+
         Total |   4086 |   4026 |     60 |    215 |   3102 |   5 |  817.2 |
       Dungeon |   4086 |   4026 |     60 |    215 |   3102 |   5 |  817.2 |
               +--------+--------+--------+--------+--------+-----+--------+

Top non-repeatable levels by time:
     D:3: 1118 daAuts
     D:2: 1001 daAuts
     D:1: 973 daAuts
     D:4: 761 daAuts
     D:5: 232 daAuts
